 Dungeon Crawl Stone Soup version 0.25-a0-424-g80bd347ae0 (webtiles) character file.

Game seed: 14492870383814358597, levelgen mode: deterministic

21 Elellon the Conjurer (level 2, -2/15 HPs)
             Began as a Deep Elf Conjurer on Jan 23, 2020.
             Slain by a hornet (3 damage)
             ... on level 2 of the Dungeon.
             The game lasted 00:02:19 (959 turns).

Elellon the Conjurer (Deep Elf Conjurer)             Turns: 959, Time: 00:02:20

Health: -2/15      AC:  2    Str:  5    XL:     2   Next: 65%
Magic:  2/8        EV: 13    Int: 19    God:
Gold:   52         SH:  0    Dex: 15    Spells: 7/8 levels left

rFire    . . .     SeeInvis .   (no weapon)
rCold    . . .     Gourm    .   (no shield)
rNeg     . . .     Faith    .   a - +0 robe
rPois    .         Spirit   .   (no helmet)
rElec    .         Reflect  .   (no cloak)
rCorr    .         Harm     .   (no gloves)
MR       .....                  (no boots)
Stlth    ++........             (no amulet)
HPRegen  0.05/turn              (no ring)
MPRegen  0.11/turn              (no ring)

@: slowed, very slow
A: no striking features
a: no special abilities


You were on level 2 of the Dungeon.
You were not hungry.

You visited 1 branch of the dungeon, and saw 2 of its levels.

You collected 52 gold pieces.

Inventory:

Armour
 a - a +0 robe (worn)
Jewellery
 d - an uncursed amulet of regeneration {unknown}
 m - a +4 ring of dexterity {unknown}
Scrolls
 e - a scroll of identify {unknown}
 f - a scroll of random uselessness {unknown}
 k - a scroll of amnesia {unknown}
 n - 3 scrolls of remove curse {unknown}
 o - a scroll of enchant armour {unknown}
Potions
 b - a potion of heal wounds {unknown}
 g - 2 potions of invisibility {unknown}
 i - a potion of mutation {unknown}
 j - a potion of berserk rage {unknown}
 l - a potion of agility {unknown}
Comestibles
 c - 2 rations
 h - a chunk of flesh


   Skills:
 - Level 2.4 Dodging
 - Level 2.4 Stealth
 + Level 3.9 Spellcasting
 + Level 4.8 Conjurations


You had 7 spell levels left.
You knew the following spells:

 Your Spells              Type           Power        Failure   Level  Hunger
a - Magic Dart            Conj           ###.         1%          1    None

Your spell library contained the following spells:

 Spells                   Type           Power        Failure   Level  Hunger
 Searing Ray              Conj           ###...       2%          2    ##.....
 Dazzling Flash           Conj/Hex       ##....       16%         3    ###....
 Fulminant Prism          Conj/Hex       ##........   45%         4    ####...
 Iskenderun's Mystic Bla  Conj/Tloc      ##......     45%         4    ####...


Dungeon Overview and Level Annotations

Branches:
Dungeon (2/15)

Altars:


Message History

Aiming: Magic Dart (safe; 1% risk of failure)
Press: ? - help, Shift-Dir - straight line, f/p - hornet
Aim: a hornet (lightly wounded)
The magic dart hits the hornet.
The hornet is lightly wounded.
The hornet stings you!
Ouch! That really hurt!
You feel yourself slow down.
Casting: Magic Dart (safe; 1% risk of failure)
Confirm with . or Enter, or press ? or * to list all spells.
Aiming: Magic Dart (safe; 1% risk of failure)
Press: ? - help, Shift-Dir - straight line, f/p - hornet
Aim: a hornet (lightly wounded)
The magic dart hits the hornet.
The hornet is lightly wounded.
The hornet stings you.
* * * LOW HITPOINT WARNING * * *
You feel as though you will be slow longer.
The hornet stings you.
You die...

#.# . #.# ##. #.# #..
#.# #.# ##.# #.# ##..#
#.#
####...###########.#
+....@.............###
####.y.#########.#....
##..# #.##.## ##.#
#.##.# #.. #.##.. ##.#
#.##### .# #.# .# #.#
#.#####


You could see a hornet.

Vanquished Creatures
  A leopard gecko (D:1)
  A ball python (D:1)
  A bat (D:1)
  A giant cockroach (D:1)
  A goblin (D:1)
  5 hobgoblins
  3 jackals (D:1)
  2 kobolds (D:1)
  2 rats (D:1)
17 creatures vanquished.

Notes
Turn   | Place    | Note
-------+----------+-------------------------------------------
     0 | D:1      | Elellon the Deep Elf Conjurer began the quest for the Orb.
     0 | D:1      | Reached XP level 1. HP: 10/10 MP: 6/6
   224 | D:1      | Reached XP level 2. HP: 15/15 MP: 1/8
   952 | D:2      | Noticed a hornet
   959 | D:2      | Slain by a hornet

Levels and vault maps discovered:
D:1:      saegor_arrival_simple_e, layout_loops_ring
D:2:      layout_loops_corners, nicolae_overflow_hidden_temple,
          chequers_ecumenical_altar_lobes

Action                   || total
-------------------------++-------
 Cast: Magic Dart        ||    34
Armor: Robe              ||     1
Dodge: Dodged            ||     8

Table legend:
 A = Non-vault XP
 B = Vault XP
 C = Vault XP percentage of total XP
 D = Non-vault monster count
 E = Vault monster count
 F = Vault count percentage of total count
                 A         B        C        D         E       F
            +---------+---------+-------+---------+---------+-------
      Total |      31 |       0 |   0.0 |      17 |       0 |   0.0
            +---------+---------+-------+---------+---------+-------
        D:1 |      29 |       0 |   0.0 |      16 |       0 |   0.0
        D:2 |       2 |       0 |   0.0 |       1 |       0 |   0.0
            +---------+---------+-------+---------+---------+-------
